Map: Catalyst LE

Players

CinDra - Winner!

  • Race: Zerg Zerg
  • League: Silver
  • Spawn Location: 5:00

MagnafloW

  • Race: Zerg Zerg
  • League: Gold
  • Spawn Location: 11:00

VOD

Have the link to the VOD?

Description

Time

  • Played on: Feb. 26, 2018, 10:43 p.m.
  • Length: 13:47
Show
View Real Time Build Order
Export as new Build Order

CinDra Zerg - Winner!

Build Orders: Hatch First 

Get SALT Encoding   

  12  0:01  Drone  
  13  0:09  Drone  
  14  0:16  Overlord  
  14  0:35  Drone x2  
  16  0:41  Drone  
  17  0:55  Hatchery  
  17  0:56  Drone  
  17  1:03  Drone  
  18  1:08  Extractor  
  18  1:09  Drone  
  18  1:20  Spawning Pool  
  18  1:23  Drone  
  18  1:32  Drone  
  19  1:50  Drone x2  
  21  2:07  Queen x2  
  25  2:08  Zergling x2  
  25  2:09  Zergling x2  
  27  2:16  Overlord  
  27  2:21  Zergling x2  
  28  2:37  Zergling x2  
  28  2:38  Zergling x4  
  28  2:42  Metabolic Boost  
  31  3:03  Overlord  
  31  3:04  Drone  
  31  3:05  Drone x3  
  35  3:17  Overlord  
  35  3:18  Drone  
  36  3:31  Overlord  
  36  3:38  Drone x6  
  42  3:42  Queen  
  42  3:43  Overlord  
  44  4:01  Hatchery  
  43  4:07  Zergling x2  
  43  4:08  Zergling x12  
  50  4:13  Overlord  
  50  4:17  Extractor  
  50  4:23  Drone  
  50  4:24  Roach Warren, Drone  
  50  4:44  Drone x7  
  57  4:58  Zergling x2  
  57  4:59  Zergling x8  
  53  5:16  Roach x6  
  53  5:17  Roach x3  
  71  5:47  Extractor  
  71  5:49  Lair, Pneumatized Carapace  
  70  5:50  Extractor  
  69  5:57  Zergling x10  
  69  5:59  Overlord x2  
  69  6:00  Overlord x6  
  74  6:24  Drone  
  74  6:25  Drone x2  
  77  6:26  Drone  
  77  6:27  Drone x2  
  77  6:28  Drone x2  
  77  6:32  Drone x7  
  76  7:03  Hatchery  
  75  7:14  Glial Reconstitution  
  75  7:16  Evolution Chamber, Drone x4  
  75  7:17  Evolution Chamber, Drone x5  
  82  7:33  Roach x3  
  88  7:47  Drone  
  88  7:48  Drone x6  
  95  7:58  Zerg Missile Weapons Level 1, Spire  
  95  7:59  Zerg Ground Armor Level 1  
  94  8:15  Queen  
  96  8:21  Extractor, Drone  
  96  8:22  Extractor, Drone x6  
  100  9:18  Hatchery  
  100  9:20  Mutalisk x11  
  100  9:21  Mutalisk x4  
  100  9:23  Overseer  
  100  9:24  Overseer x2  
  129  9:31  Mutalisk x4  
  129  9:32  Overlord  
  129  9:33  Overlord x4  
  137  9:50  Zerg Flyer Weapons Level 1  
  137  9:59  Roach  
  151  10:00  Roach x7  
  151  10:01  Overlord  
  141  10:31  Mutalisk  
  141  10:32  Mutalisk x7  
  139  10:56  Queen  
  141  10:57  Overlord  
  141  11:03  Mutalisk x5  
  149  11:21  Extractor  
  149  11:24  Extractor  
  149  11:25  Zerg Ground Armor Level 2, Zerg Missile Weapons Level 2  
  147  11:38  Roach  
  147  11:39  Roach x9  
  167  11:51  Zerg Flyer Armor Level 1  
  167  12:15  Roach x4  
  175  12:16  Roach x12  
  175  12:17  Zergling x2  
  197  12:48  Mutalisk x2  
  157  13:16  Mutalisk  
  157  13:17  Mutalisk x9  
Show
View Real Time Build Order
Export as new Build Order

MagnafloW Zerg 

Build Orders: Pool First, Muta Ling Bane 

Get SALT Encoding   

  12  0:01  Drone  
  13  0:13  Overlord  
  13  0:17  Drone  
  14  0:31  Drone  
  14  0:32  Drone  
  16  0:38  Drone  
  17  0:47  Spawning Pool  
  16  0:51  Drone  
  17  0:58  Drone  
  18  1:13  Drone  
  19  1:26  Hatchery  
  19  1:31  Drone x2  
  20  1:35  Extractor  
  20  1:39  Spine Crawler  
  18  1:43  Overlord  
  18  1:56  Zergling x2  
  19  2:04  Drone  
  20  2:13  Zergling x2  
  21  2:19  Extractor  
  20  2:24  Zergling x2  
  20  2:29  Baneling Nest  
  20  2:34  Drone  
  20  2:35  Queen  
  23  2:39  Queen  
  23  2:40  Overlord  
  25  2:59  Overlord  
  25  3:03  Drone x3  
  28  3:10  Metabolic Boost  
  28  3:27  Baneling x2  
  28  3:35  Drone x5  
  28  3:36  Drone  
  34  3:51  Overlord  
  34  3:52  Zergling x2  
  34  3:53  Zergling x4  
  37  3:58  Pneumatized Carapace  
  37  4:02  Extractor  
  36  4:25  Drone x6  
  42  4:34  Baneling x2  
  42  4:38  Lair  
  42  4:56  Drone x2  
  42  4:57  Overlord x2  
  43  5:00  Hatchery  
  40  5:08  Zergling x6  
  43  5:15  Zergling x2  
  43  5:16  Zergling x6  
  43  5:17  Zergling x2  
  43  5:20  Baneling x4  
  48  5:24  Roach Warren  
  47  5:44  Spire  
  47  5:45  Centrifical Hooks  
  47  5:47  Drone x6  
  52  5:59  Zergling x6  
  52  6:00  Zergling x2  
  56  6:10  Glial Reconstitution  
  56  6:12  Roach x3  
  56  6:17  Baneling x4  
  62  6:23  Overlord, Roach  
  64  6:31  Overlord  
  64  6:40  Queen  
  64  6:56  Roach  
  64  6:57  Roach x6  
  64  6:58  Roach x2  
  80  7:03  Ravager  
  81  7:19  Extractor  
  80  7:28  Overseer  
  80  7:32  Overseer  
  80  7:34  Overseer  
  80  7:36  Overlord  
  80  7:37  Overlord  
  80  7:43  Queen, Extractor  
  81  7:48  Baneling x2  
  81  7:49  Baneling x4  
  81  8:01  Mutalisk x2  
  85  8:07  Drone x3  
  85  8:08  Drone x7  
  85  8:09  Extractor, Overlord, Drone  
  95  8:22  Mutalisk  
  97  8:34  Roach x2  
  97  8:35  Roach x2  
  97  8:37  Overlord x2  
  105  9:02  Mutalisk  
  105  9:03  Mutalisk x4  
  105  9:09  Drone x2  
  117  9:17  Mutalisk x2  
  121  9:31  Overlord x2  
  121  9:34  Drone  
  121  9:35  Overlord  
  121  9:36  Overlord  
  122  9:50  Hatchery  
  121  9:55  Mutalisk x5  
  121  9:56  Mutalisk  
  121  9:57  Overlord  
  121  9:59  Overlord  
  133  10:02  Hatchery  
  114  10:43  Zergling x2  
  114  10:44  Zergling x14, Roach x3  
  114  10:45  Roach x6  
  114  10:46  Roach x2  
  144  11:05  Extractor  
  144  11:08  Extractor  
  140  11:21  Hydralisk Den  
  140  11:22  Baneling  
  140  11:23  Baneling x19  
  140  11:24  Ravager x2  
  141  11:40  Queen  
  143  11:53  Muscular Augments  
  143  12:07  Drone x2  
  143  12:08  Drone x3  
  148  12:09  Hydralisk x4  
  148  12:10  Hydralisk  
  148  12:11  Overlord  
  158  12:27  Ravager x3  
  158  12:28  Hydralisk x2  
  163  12:47  Hydralisk x4  
  119  13:01  Hydralisk  
  119  13:02  Hydralisk x2  
  103  13:23  Hydralisk  
Tags
 
Composition
Muta Ling Bane
Matchup
ZvZ
Race
Zerg
Spawn Locations
Cross Positions
Add a new tag
Caveats
  • Supply blocks, unpowered buildings, or Contaminate may cause inaccurate times.
  • Supply counts are checked every 10 seconds.